 Dungeon Crawl Stone Soup version 0.32-a0-913-g739538afd8 (webtiles) character file.

Game seed: 16169579474437288257

24 crabbyslav the Apothecary (level 2, 0/14 HPs)
             Began as a Spriggan Alchemist on Apr 5, 2024.
             Slain by an adder (4 damage)
             ... on level 2 of the Dungeon on Apr 9, 2024.
             The game lasted 00:01:51 (1091 turns).

crabbyslav the Apothecary (Spriggan Alchemist)      Turns: 1091, Time: 00:01:51

Health: 0/14       AC:  2    Str:  4    XL:     2   Next: 79%
Magic:  4/7        EV: 16    Int: 16    God:
Gold:   26         SH:  0    Dex: 15    Spells: 4/7 levels left

rFire   . . .        c - +0 short sword
rCold   . . .        (no shield)
rNeg    . . .        a - +0 robe
rPois   .            (helmet restricted)
rElec   .            (no cloak)
rCorr   .            (gloves unavailable)
SInv    +            (boots unavailable)
Will    .....        (no amulet)
Stlth   ++           f - ring of flight
HPRegen 0.22/turn    (no ring)
MPRegen 0.10/turn

%: no passive effects
@: flying, very slightly contaminated, very quick
A: very small, no large weapons, unfitting armour, see invisible, speed 3
a: no special abilities


You were on level 2 of the Dungeon.
You visited 1 branch of the dungeon, and saw 2 of its levels.

You collected 26 gold pieces.

Inventory:

Hand Weapons
 c - a +0 short sword (weapon)
Armour
 a - a +0 robe (worn)
Jewellery
 f - a ring of flight (left hand)
 h - a ring of fire
Scrolls
 d - a scroll of blinking {unknown}
 g - a scroll of enchant weapon {unknown}
 i - a scroll of acquirement {unknown}
Potions
 b - a potion of magic
 e - a potion of brilliance {unknown}


   Skills:
 + Level 0.4 Fighting
 + Level 3.0 Dodging
 + Level 3.4 Stealth
 + Level 3.0 Spellcasting
 - Level 0.6 Conjurations
 * Level 3.8 Alchemy


You had 4 spell levels left.
You knew the following spells:

 Your Spells              Type           Power      Damage    Failure   Level
a - Sting                 Conj/Alch      36%        1d5       8%          1
b - Mercury Vapours       Alch/Air       16%        N/A       13%         2

Your spell library contained the following spells:

 Spells                   Type           Power      Damage    Failure   Level
 Mephitic Cloud           Conj/Alch/Air  7%         N/A       30%         3
 Olgreb's Toxic Radiance  Alch           14%        N/A       36%         4
 Sticky Flame             Fire/Alch      8%         2d4       65%         4


Dungeon Overview and Level Annotations

Branches:
Dungeon (2/15)

Altars:


Innate Abilities, Weirdness & Mutations

You are very small and have problems with some larger weapons.
You are too small for most types of armour.
You have supernaturally acute eyesight. (SInv)
You cover ground extremely quickly. (Speed+++)


Message History

You are too injured to fight recklessly!
You are too injured to fight recklessly!
You are too injured to fight recklessly!
You are too injured to fight recklessly!
You are too injured to fight recklessly!
You are too injured to fight recklessly!
You are too injured to fight recklessly!
You are too injured to fight recklessly!
You are too injured to fight recklessly!
You are too injured to fight recklessly!
You are too injured to fight recklessly!
You are too injured to fight recklessly!
You are too injured to fight recklessly!
You are too injured to fight recklessly!
You are too injured to fight recklessly!
You are too injured to fight recklessly!
You are too injured to fight recklessly!
You are too injured to fight recklessly!
Cast which spell? (? or * to list)
Aiming: Sting (safe; 8% risk of failure)
Press: ? - help, Shift-Dir - straight line, f - adder
Aim: an adder (lightly wounded, 48% to hit)
The sting misses the adder.
You feel sick. The adder barely misses you.
Casting: Sting (safe; 8% risk of failure)
Confirm with . or Enter, or press ? or * to list all spells.
Aiming: Sting (safe; 8% risk of failure)
Press: ? - help, Shift-Dir - straight line, f/p - adder
Aim: an adder (lightly wounded, 48% to hit)
You miscast Sting.
You are very lightly contaminated with residual magic.
Nothing appears to happen.
You feel sick. The adder barely misses you. x2
Casting: Sting (safe; 8% risk of failure)
Confirm with . or Enter, or press ? or * to list all spells.
Aiming: Sting (safe; 8% risk of failure)
Press: ? - help, Shift-Dir - straight line, f/p - adder
Aim: an adder (lightly wounded, 48% to hit)
The sting misses the adder.
You feel sick.
You are no longer poisoned.
The adder bites you.
You die...

#.. ... ##..
..# ..# #.# #S#
#@#######.#
#.........#
#..<.......
......†......##
###.##.........
#. #........# .
#..>.....# #
####.###.# .# #


You could see an adder.

Vanquished Creatures
  6 ball pythons (D:1)
  An endoplasm (D:1)
  3 goblins (D:1)
  2 hobgoblins (D:1)
  A quokka (D:2)
  4 bats (D:1)
  A frilled lizard (D:1)
  4 kobolds (D:1)
  A rat (D:1)
23 creatures vanquished.

Notes
Turn   | Place    | Note
-------+----------+-------------------------------------------
     0 | D:1      | crabbyslav the Spriggan Alchemist began the quest for the
                  | Orb.
     0 | D:1      | Reached XP level 1. HP: 9/9 MP: 5/5
   249 | D:1      | Reached XP level 2. HP: 13/13 MP: 2/6
   566 | D:1      | Learned a level 2 spell: Mercury Vapours
   633 | D:1      | Upgraded the game from 0.32-a0-899-geb5ba95c15 to
                  | 0.32-a0-909-gc671339a80
   908 | D:1      | Upgraded the game from 0.32-a0-909-gc671339a80 to
                  | 0.32-a0-913-g739538afd8
  1091 | D:2      | Slain by an adder

Illustrated notes

Levels and vault maps discovered:
D:1:      saegor_arrival_simple_e, layout_loops_ring
D:2:      layout_loops_cross, basic_altar, kennysheep_potato

Skill      XL: |  1  2 |
---------------+-------+-----
Spellcasting   | 3 |  3.0
Dodging        | 3 |  3.0
Fighting       | |  0.4
Stealth        | |  3.4
Conjurations   | |  0.6
Alchemy        | |  3.8

Action                     || total
---------------------------++-------
  Melee: Short sword       ||    30
         Unarmed           ||     1
   Cast: Sting             ||    30
         Mercury Vapours   ||     4
   Stab: Sleeping          ||     5
 Armour: Robe              ||    16
  Dodge: Dodged            ||    42

Table legend: (Time is in decaauts)
 A = Elapsed time spent in this place.
 B = Non-inter-level travel time spent in this place.
 C = Inter-level travel time spent in this place.
 D = Time resting spent in this place.
 E = Time spent auto-exploring this place.
 F = Levels seen in this place.
 G = Mean time per level.
                   A        B        C        D        E       F      G
               +--------+--------+--------+--------+--------+-----+--------+
         Total |    842 |    838 |      4 |      0 |    712 |   2 |  421.0 |
       Dungeon |    842 |    838 |      4 |      0 |    712 |   2 |  421.0 |
               +--------+--------+--------+--------+--------+-----+--------+

Top non-repeatable levels by time:
     D:1: 833 daAuts
     D:2: 9 daAuts
